 Dungeon Crawl Stone Soup version 0.29.1-13-g9f3cf754e1 (webtiles) character file.

Game seed: 13379897282050206435

1 booth the Stinger (level 1, 0/13 HPs)
             Began as a Demonspawn Venom Mage on Feb 7, 2023.
             Slain by a hobgoblin (3 damage)
             ... on level 1 of the Dungeon.
             The game lasted 00:01:08 (67 turns).

booth the Stinger (Demonspawn Venom Mage)             Turns: 67, Time: 00:01:08

Health: 0/13       AC:  2    Str:  8    XL:     1   Next: 16%
Magic:  2/3        EV: 12    Int: 16    God:
Gold:   5          SH:  0    Dex: 13    Spells: 3/4 levels left

rFire   . . .      SeeInvis .   (no weapon)
rCold   . . .      Faith    .   (no shield)
rNeg    . . .      Spirit   .   a - +0 robe
rPois   .          Reflect  .   (no helmet)
rElec   .          Harm     .   (no cloak)
rCorr   .          Rampage  .   (no gloves)
Will    .....                   (no boots)
Stlth   ++........              (no amulet)
HPRegen 0.04/turn               (no ring)
MPRegen 0.08/turn               (no ring)

@: no status effects
A: no striking features
a: no special abilities


You were on level 1 of the Dungeon.
You visited 1 branch of the dungeon, and saw 1 of its levels.

You collected 5 gold pieces.

Inventory:

Armour
 a - a +0 robe (worn)


   Skills:
 + Level 1.7 Dodging
 + Level 1.7 Stealth
 + Level 2.0 Spellcasting
 + Level 0.8 Transmutations
 * Level 3.1 Poison Magic


You had 3 spell levels left.
You knew the following spells:

 Your Spells              Type           Power      Damage    Failure   Level
a - Sting                 Tmut/Pois      28%        1d4       10%         1

Your spell library contained the following spells:

 Spells                   Type           Power      Damage    Failure   Level
 Poisonous Vapours        Pois/Air       12%        N/A       17%         2
 Mephitic Cloud           Conj/Pois/Air  4%         N/A       38%         3
 Olgreb's Toxic Radiance  Pois           11%        N/A       50%         4


Dungeon Overview and Level Annotations

Branches:
Dungeon (1/15)

Altars:

Shops:
D:1 =


Message History

You completely miss the bat. The bat barely misses you.
The bat hits you but does no damage. The bat hits you.
Casting: Sting (safe; 10% risk of failure)
Confirm with . or Enter, or press ? or * to list all spells.
Aiming: Sting (safe; 10% risk of failure)
Press: ? - help, Shift-Dir - straight line, f/p - bat
Aim: a bat (52% to hit)
The sting hits the bat but does no damage.
The bat is poisoned.
The bat completely misses you. The bat misses you.
You hit the bat but do no damage.
The bat is moderately wounded.
The bat misses you. The bat hits you.
You hit the bat but do no damage.
The bat is heavily wounded.
The bat hits you. The bat closely misses you.
You kill the bat!
Casting: Sting (safe; 10% risk of failure)
Confirm with . or Enter, or press ? or * to list all spells.
Aiming: Sting (safe; 10% risk of failure)
Press: ? - help, Shift-Dir - straight line, f - hobgoblin
Aim: a hobgoblin (68% to hit)
The sting misses the hobgoblin.
Casting: Sting (safe; 10% risk of failure)
Confirm with . or Enter, or press ? or * to list all spells.
You don't have enough magic to cast this spell.
You closely miss the hobgoblin.
The hobgoblin hits you but does no damage.
You hit the hobgoblin but do no damage. The hobgoblin hits you.
* * * LOW HITPOINT WARNING * * *
You hit the hobgoblin but do no damage. The hobgoblin misses you.
Magic courses through your body. The hobgoblin closely misses you.
Casting: Sting (safe; 10% risk of failure)
Confirm with . or Enter, or press ? or * to list all spells.
Aiming: Sting (safe; 10% risk of failure)
Press: ? - help, Shift-Dir - straight line, f/p - hobgoblin
Aim: a hobgoblin (68% to hit)
The sting misses the hobgoblin.
The hobgoblin hits you.
You die...

.. ♣g♣... ##+ #.
♣P.P.. ## ### #.. #.
♣♣...♣ ## ....###.#
#.♣♣P..P♣ #. ♣........
#......♣ #. ♣.♣......
##♣Pg♣♣♣.#
#.♣♣♣....... ##.....#
#..PPP......
#.##########P..#......
#...g@†...............
#..#############......
#### #...... #......
#######


You could see a hobgoblin.

Vanquished Creatures
  A bat (D:1)
1 creature vanquished.

Vanquished Creatures (others)
  A plant (D:1)
1 creature vanquished.

Grand Total: 2 creatures vanquished

Notes
Turn   | Place    | Note
-------+----------+-------------------------------------------
     0 | D:1      | booth the Demonspawn Venom Mage began the quest for the
                  | Orb.
     0 | D:1      | Reached XP level 1. HP: 13/13 MP: 3/3
    42 | D:1      | Found Tirayskussu's Jewellery Boutique.
    67 | D:1      | Slain by a hobgoblin

Illustrated notes

Levels and vault maps discovered:
D:1:      ncdulo_lavacross, layout_rooms, hellmonk_ecumenical_altar_dog_temple,
          serial_shops, shop, shop, shop_coins, nicolae_shop_advertising_works
          [nicolae_subvault_shop_adworks], nicolae_square_shop, serial_forest,
          infiniplex_forest_clump_small, infiniplex_forest_zigzag_1,
          infiniplex_forest_straight_3, infiniplex_forest_lined_3_way,
          infiniplex_forest_end_3, infiniplex_forest_corner_2,
          infiniplex_forest_lined_4_way, infiniplex_forest_lined_2

Action                   || total
-------------------------++-------
Melee: Unarmed           ||     6
 Cast: Sting             ||     5
  Use: Potion            ||     1
Armor: Robe              ||     4
Dodge: Dodged            ||    10
